AoeStats
← 神圣罗马帝国 | Holy Roman

Black Forest

510936718Analyzed
4v4 RM · 7h ago on Oct 3, 2026· 41m 25s· 8 players
Game mode
Random Map
Map size
Large (8 player)
Population
200
Speed
Normal
Resources
Standard
Victory
Conquest
Starting age
Dark Age
Ending age
Imperial Age
RankedLock teamsTeams togetherTeam positionsShared explorationLock speedFull tech treeHidden civsTurbo modeCheats
Victory
Defeat
🇨🇳 Italians · China
1357
+14
🇦🇺 Cumans · Australia
1343
+15
🇲🇽 Persians · Mexico
1335
+15
🇦🇺 Romans · Australia
1304
+16
🇹🇼 Bohemians · Taiwan
1325
-16
🇨🇳 Mongols · China
1317
-15
🇨🇳 Persians · China
1303
-15
1298
-14
神圣罗马帝国 | Holy Roman
11:45 Feudal Age
12:34 Double-Bit Axe
15:38 Castle Age
14:03 Horse Collar
16:56 Gold Mining
18:09 Bow Saw
19:50 Loom
20:12 Fishing Lines
23:10 Wheelbarrow
26:10 Stone Mining
29:18 Imperial Age
27:12 Hand Cart
27:37 Scale Mail Armor
27:47 Forging
27:49 Squires
27:35 Gambesons
28:39 Gold Shaft Mining
28:07 Treadmill Crane
28:44 Chain Mail Armor
28:59 Scale Barding Armor
29:24 Ballistics
29:40 Fletching
30:07 Murder Holes
29:54 Capped Ram
31:10 Conscription
30:38 Elite Varangian Guard
31:37 Heavy Plow
32:09 Heavy Camel Rider
33:26 Arson
33:02 Pikeman
35:12 Two-Man Saw
34:27 Halberdier
35:49 Crop Rotation
36:00 Plate Mail Armor
38:02 Iron Casting
老牌休闲玩家
5:05 Loom
11:08 Feudal Age
14:29 Castle Age
13:01 Double-Bit Axe
13:10 Horse Collar
14:57 Wheelbarrow
18:30 Bow Saw
18:53 Heavy Plow
20:36 Stone Mining
21:18 Hand Cart
23:14 Gold Mining
24:10 Stone Mining
24:26 Fishing Lines
28:00 Gillnets
28:22 Fletching
29:53 Caravan
32:28 Imperial Age
30:31 Fervor
30:39 Bloodlines
30:30 Husbandry
30:37 Scale Barding Armor
30:37 Town Watch
31:45 Forging
33:08 Conscription
34:12 Two-Man Saw
35:34 Chain Barding Armor
34:46 Elite War Elephant
36:32 Block Printing
40:02 Caravan
300P 4V4
2:18 Loom
11:10 Feudal Age
18:45 Double-Bit Axe
29:04 Castle Age
34:15 Bow Saw
35:20 Fishing Lines
KAWAE
0:51 Loom
10:55 Feudal Age
13:14 Double-Bit Axe
18:45 Castle Age
16:51 Fishing Lines
19:57 Bow Saw
19:45 Gillnets
21:02 Horse Collar
24:37 Wheelbarrow
28:59 Imperial Age
26:42 Fletching
27:14 Fervor
27:31 Hand Cart
27:23 Bodkin Arrow
28:55 Chemistry
28:18 Ballistics
28:11 Heavy Plow
29:15 Sanctity
29:00 Scale Mail Armor
30:01 Forging
30:08 Chain Mail Armor
30:22 Conscription
31:35 Bracer
32:47 Houfnice
33:39 Siege Engineers
34:07 Padded Archer Armor
34:20 Wagenburg Tactics
34:03 Crossbowman
35:28 Block Printing
38:00 Plate Mail Armor
38:06 Iron Casting
37:26 Pikeman
The Long Dark
0:46 Loom
10:21 Feudal Age
11:36 Double-Bit Axe
14:50 Castle Age
13:07 Stone Mining
14:28 Fishing Lines
16:05 Bow Saw
23:38 Wheelbarrow
28:05 Imperial Age
25:54 Hand Cart
25:30 Town Watch
26:03 Gold Mining
27:36 Forging
27:26 Scale Mail Armor
27:29 Padded Archer Armor
29:03 Iron Casting
29:51 Chemistry
29:12 Ballistics
30:21 Two-Man Saw
30:50 Conscription
31:34 Masonry
33:26 Chain Mail Armor
34:38 Leather Archer Armor
34:54 Plate Mail Armor
35:24 Blast Furnace
35:27 Silk Road
35:20 Pirotechnia
Ux'Alargeo
4:56 Loom
10:22 Feudal Age
15:35 Castle Age
14:15 Double-Bit Axe
17:07 Wheelbarrow
19:34 Town Watch
23:56 Hand Cart
24:00 Bow Saw
23:59 Gold Mining
24:45 Town Patrol
24:59 Horse Collar
26:49 Stone Mining
27:03 Heavy Plow
30:03 Imperial Age
27:45 Scale Barding Armor
27:51 Forging
28:54 Chain Barding Armor
30:24 Iron Casting
30:02 Bloodlines
29:52 Husbandry
30:04 Devotion
30:47 Stone Shaft Mining
30:50 Gold Shaft Mining
31:20 Plate Barding Armor
30:57 Elite War Elephant
32:50 Blast Furnace
32:16 Fletching
34:27 Crop Rotation
40:00 Two-Man Saw
40:10 Chemistry
40:39 Conscription
41:02 Bodkin Arrow
42:23 Faith
you are so toxic
10:36 Feudal Age
10:39 Man-at-Arms
11:11 Loom
11:57 Scale Mail Armor
12:07 Forging
12:46 Forging
19:44 Double-Bit Axe
24:39 Castle Age
23:01 Stone Mining
23:04 Gold Mining
29:34 Pikeman
32:32 Bow Saw
33:05 Fortified Wall
34:03 Gold Shaft Mining
35:05 Chain Mail Armor
35:26 Iron Casting
34:54 Squires
37:51 Imperial Age
35:57 Wheelbarrow
35:37 Horse Collar
39:17 Halberdier
42:07 Blast Furnace
41:57 Hand Cart
41:28 Town Watch
I hate antichrist
6:50 Loom
9:20 Feudal Age
9:48 Double-Bit Axe
17:17 Horse Collar
21:58 Wheelbarrow
25:49 Castle Age
26:46 Bow Saw
26:55 Hand Cart
27:07 Gold Mining
27:20 Heavy Plow
27:32 Forging
27:30 Scale Barding Armor
27:35 Forging
28:52 Gold Shaft Mining
32:56 Imperial Age
30:51 Chain Barding Armor
31:06 Iron Casting
31:23 Bloodlines
33:24 Onager
34:42 Plate Barding Armor
33:29 Cavalier
35:47 Blast Furnace
35:47 Coinage
37:22 Two-Man Saw
37:12 Crop Rotation
37:12 Fletching
36:54 Paladin
39:45 Banking
Connection lost

Rejoining the realm…

Still unreachable

The connection could not be restored.

Session expired

The server has moved on; the page needs a fresh start.